 Dungeon Crawl Stone Soup version 0.28.0-53-g5a82cb258f (webtiles) character file.

Game seed: 2324580775325166959

106 MisterFreud the Covert (level 4, -3/41 HPs)
             Began as a Gnoll Delver on June 14, 2022.
             Was a Believer of Uskayaw.
             Splashed by a jelly's acid (7 damage)
             ... on level 5 of the Dungeon.
             The game lasted 00:01:54 (150 turns).

MisterFreud the Covert (Gnoll Delver)                Turns: 150, Time: 00:01:55

Health: -3/41      AC:  0    Str: 11    XL:     4   Next: 84%
Magic:  5/5        EV: 13    Int: 11    God:    Uskayaw [**....]
Gold:   15         SH:  0    Dex: 14    Spells: 5/5 levels left

rFire   . . .      SeeInvis .   a - +0 short sword
rCold   . . .      Faith    .   (no shield)
rNeg    . . .      Spirit   .   b - +0 leather armour
rPois   .          Reflect  .   (no helmet)
rElec   .          Harm     .   (no cloak)
rCorr   .          Rampage  .   (no gloves)
Will    .....                   (no boots)
Stlth   ++++......              (no amulet)
HPRegen 0.13/turn               (no ring)
MPRegen 0.09/turn               (no ring)

@: corroded
A: fangs 1, strong nose, distributed training
a: Renounce Religion, Stomp, Line Pass


You were on level 5 of the Dungeon.
You worshipped Uskayaw.
Uskayaw was noncommittal.
You visited 1 branch of the dungeon, and saw 3 of its levels.

You collected 15 gold pieces.

Inventory:

Hand Weapons
 a - a +0 short sword (weapon)
Armour
 b - a +0 leather armour (worn)
Wands
 g - a wand of digging (2)
Scrolls
 c - a scroll of fog
 d - a scroll of magic mapping
 e - a scroll of fear
 i - a scroll of identify {unknown}
Potions
 f - a potion of haste
 h - a potion of heal wounds {unknown}


   Skills:
 + Level 6.6 Fighting
 + Level 4.7 Short Blades
 + Level 1.2 Long Blades
 + Level 1.2 Axes
 + Level 1.2 Maces & Flails
 + Level 1.2 Polearms
 + Level 1.2 Staves
 + Level 1.2 Slings
 + Level 1.2 Bows
 + Level 1.2 Crossbows
 + Level 1.2 Throwing
 + Level 1.2 Armour
 + Level 4.7 Dodging
 + Level 9.6 Stealth
 + Level 1.2 Shields
 + Level 1.2 Unarmed Combat
 + Level 1.2 Spellcasting
 + Level 1.0 Conjurations
 + Level 1.0 Hexes
 + Level 1.0 Summonings
 + Level 1.0 Necromancy
 + Level 1.0 Translocations
 + Level 1.0 Transmutations
 + Level 1.0 Fire Magic
 + Level 1.0 Ice Magic
 + Level 1.0 Air Magic
 + Level 1.0 Earth Magic
 + Level 1.0 Poison Magic
 + Level 1.4 Invocations
 + Level 1.2 Evocations


You had 5 spell levels left.
You didn't know any spells.
Your spell library was empty.

Dungeon Overview and Level Annotations

Branches:
Dungeon (7/15)
 Temple: D:4-7

Altars:
Ashenzari
Kikubaaqudgha
Sif Muna
Uskayaw
Xom

Shops:
D:5 =


Innate Abilities, Weirdness & Mutations

You have very sharp teeth.
Your uncanny sense of smell can sniff out nearby items.
Your experience applies equally to all skills.


Message History

The ufetubus barely misses you.
The ufetubus hits you but does no damage.
You miss the ufetubus. The adder bites you but does no damage.
The ufetubus hits you but does no damage.
The ufetubus misses you.
You hit the ufetubus. Your punch misses the ufetubus.
You bite the ufetubus, but do no damage.
The ufetubus is moderately wounded.
The ufetubus hits you. The ufetubus completely misses you.
The adder misses you.
A dart slug comes into view.
The ufetubus closely misses you. x2
You can now pass through a line of other dancers.
Unknown command.
You hit the ufetubus. Your punch misses the ufetubus.
The ufetubus is almost dead.
The adder closely misses you. The ufetubus closely misses you. x2
Unknown command.
You miss the ufetubus.
The ufetubus is almost dead.
The adder closely misses you. The ufetubus hits you.
The ufetubus barely misses you. The jelly hits you.
You are splashed with acid!
The adder closely misses you.
Unknown command.
You closely miss the ufetubus.
The ufetubus is almost dead.
The ufetubus hits you but does no damage.
The ufetubus hits you. The adder closely misses you. The jelly hits you.
The acid corrodes you!
You are splashed with acid!
* * * LOW HITPOINT WARNING * * *
The ufetubus hits you.
* * * LOW HITPOINT WARNING * * *
The ufetubus hits you.
* * * LOW HITPOINT WARNING * * *
You hit the ufetubus.
You kill the ufetubus!
The adder closely misses you. The jelly hits you.
* * * LOW HITPOINT WARNING * * *
You are splashed with acid!
You die...

# #..........
#.......[..
#..........
###..........
..#.$........
#.#..........
#.#..........
#w#..........
##..##@#..........
..[...J.S..........
.######...†........
###.........
##....#...
#....#... #...... .
#...#.#. #....∩.


You could see a jelly, an adder and a dart slug.

Vanquished Creatures
  A black bear (D:5)
  An adder (D:5)
  An ufetubus (D:5)
3 creatures vanquished.

Notes
Turn   | Place    | Note
-------+----------+-------------------------------------------
     0 | D:5      | Reached skill level 9 in Stealth
     0 | D:5      | MisterFreud the Gnoll Delver began the quest for the Orb.
     0 | D:5      | Reached XP level 1. HP: 23/23 MP: 1/1
     2 | D:5      | Found a broken altar of Ashenzari.
     7 | D:5      | Noticed an ice beast
    10 | D:5      | Became a worshipper of Uskayaw the Reveller
    45 | D:6      | Noticed an iguana
    76 | D:5      | Noticed a black bear
    83 | D:5      | Killed a black bear
    83 | D:5      | Reached * piety under Uskayaw
    84 | D:5      | Reached skill level 1 in Long Blades
    84 | D:5      | Reached skill level 1 in Axes
    84 | D:5      | Reached skill level 1 in Maces & Flails
    84 | D:5      | Reached skill level 1 in Polearms
    84 | D:5      | Reached skill level 1 in Staves
    84 | D:5      | Reached skill level 1 in Slings
    84 | D:5      | Reached skill level 1 in Bows
    84 | D:5      | Reached skill level 1 in Crossbows
    84 | D:5      | Reached skill level 1 in Throwing
    84 | D:5      | Reached skill level 1 in Armour
    84 | D:5      | Reached skill level 1 in Shields
    84 | D:5      | Reached skill level 1 in Unarmed Combat
    84 | D:5      | Reached skill level 1 in Spellcasting
    84 | D:5      | Reached skill level 1 in Conjurations
    84 | D:5      | Reached skill level 1 in Hexes
    84 | D:5      | Reached skill level 1 in Summonings
    84 | D:5      | Reached skill level 1 in Necromancy
    84 | D:5      | Reached skill level 1 in Translocations
    84 | D:5      | Reached skill level 1 in Transmutations
    84 | D:5      | Reached skill level 1 in Fire Magic
    84 | D:5      | Reached skill level 1 in Ice Magic
    84 | D:5      | Reached skill level 1 in Air Magic
    84 | D:5      | Reached skill level 1 in Earth Magic
    84 | D:5      | Reached skill level 1 in Poison Magic
    84 | D:5      | Reached skill level 1 in Invocations
    84 | D:5      | Reached skill level 1 in Evocations
    84 | D:5      | Reached XP level 2. HP: 29/29 MP: 1/3
    84 | D:5      | Reached XP level 3. HP: 35/35 MP: 1/4
    84 | D:5      | Reached XP level 4. HP: 41/41 MP: 1/5
   136 | D:5      | Found Tagody's Jewellery Emporium.
   146 | D:5      | Reached ** piety under Uskayaw
   150 | D:5      | Splashed by a jelly's acid

Illustrated notes

Levels and vault maps discovered:
D:5:      layout_basic, nicolae_overflow_hidden_temple, serial_shops,
          nicolae_shop_crystal
D:6:      layout_rooms, mainiacjoe_overflow_six_doors_small
D:7:      layout_loops_ring, vehumet_crystals, nicolae_tso_swordbearing_angel,
          minmay_temple_entry_proselytizer, enter_bailey_1, uniq_menkaure

Skill      XL: |  1 |
---------------+----+-----
Stealth        | |  9.6
Long Blades    | 1 |  1.2
Axes           | 1 |  1.2
Maces & Flails | 1 |  1.2
Polearms       | 1 |  1.2
Staves         | 1 |  1.2
Slings         | 1 |  1.2
Bows           | 1 |  1.2
Crossbows      | 1 |  1.2
Throwing       | 1 |  1.2
Armour         | 1 |  1.2
Shields        | 1 |  1.2
Unarmed Combat | 1 |  1.2
Spellcasting   | 1 |  1.2
Conjurations   | 1 |  1.0
Hexes          | 1 |  1.0
Summonings     | 1 |  1.0
Necromancy     | 1 |  1.0
Translocations | 1 |  1.0
Transmutations | 1 |  1.0
Fire Magic     | 1 |  1.0
Ice Magic      | 1 |  1.0
Air Magic      | 1 |  1.0
Earth Magic    | 1 |  1.0
Poison Magic   | 1 |  1.0
Invocations    | 1 |  1.4
Evocations     | 1 |  1.2
Fighting       | |  6.6
Short Blades   | |  4.7
Dodging        | |  4.7

Action                   |  1- 3 |  4- 6 || total
-------------------------+-------+-------++-------
Melee: Short sword       |     1 |    11 ||    12
       Bite              |       |     1 ||     1
Evoke: Wand              |     1 |       ||     1
 Stab: Sleeping          |     1 |       ||     1
Armor: Leather armour    |       |     6 ||     6
Dodge: Dodged            |       |    26 ||    26
